 Dungeon Crawl Stone Soup version 0.30.1-6-gbe392663c4 (webtiles) character file.

Game seed: 9339290949767575593

3177 Kurtz the Cleaver (level 9, 25/48 (50) HPs)
             Began as a Tengu Fighter on Sept 20, 2023.
             Quit the game on level 9 of the Dungeon.
             The game lasted 00:06:32 (8079 turns).

Kurtz the Cleaver (Tengu Fighter)                   Turns: 8079, Time: 00:06:33

HP:   25/48 (50)    AC:  9    Str: 21    XL:     9   Next: 95%
MP:   10/10         EV:  9    Int:  8    God:
Gold: 457           SH:  5    Dex: 14    Spells: 8/8 levels left

rFire   . . .        H - +1 hand axe (freeze)
rCold   . . .        c - +0 buckler
rNeg    . . .        E - +0 chain mail
rPois   .            (helmet restricted)
rElec   .            (no cloak)
rCorr   .            (no gloves)
SInv    .            (boots unavailable)
Will    .....        (no amulet) Stlth
                     (no ring)
HPRegen 0.28/turn    (no ring)
MPRegen 0.12/turn

%: no passive effects
@: flying quickly and evasively, lightly drained, quick
A: beak, talons 3, nimble flight
a: no special abilities


You were on level 9 of the Dungeon.
You visited 2 branches of the dungeon, and saw 10 of its levels.

You collected 457 gold pieces.

Inventory:

Hand Weapons
 a - a +0 war axe
 o - a +2 vampiric whip
 x - a +0 whip of electrocution
 H - a +1 hand axe of freezing (weapon)
Missiles
 f - 26 poisoned darts
 I - 3 silver javelins (quivered)
 L - 2 throwing nets
Armour
 b - a +0 scale mail
 c - a +0 buckler (worn)
 E - a +0 chain mail (worn)
Jewellery
 m - a ring of wizardry
 K - a ring of wizardry
Wands
 q - a wand of mindburst (10)
 D - a wand of polymorph (8)
 M - a wand of roots (6)
Scrolls
 e - 5 scrolls of amnesia {unknown}
 h - 2 scrolls of noise {unknown}
 j - 5 scrolls of teleportation {unknown}
 l - 5 scrolls of identify {unknown}
 r - a scroll of immolation {unknown}
 s - 2 scrolls of blinking {unknown}
 u - a scroll of magic mapping {unknown}
 y - a scroll of fog {unknown}
 A - a scroll of enchant weapon {unknown}
 C - a scroll of brand weapon {unknown}
 F - a scroll of vulnerability {unknown}
 G - 2 scrolls of enchant armour {unknown}
 J - a scroll of silence {unknown}
 N - a scroll of fear {unknown}
Potions
 d - 2 potions of might
 g - 2 potions of lignification
 i - 2 potions of mutation {unknown}
 k - 2 potions of haste {unknown}
 n - 2 potions of attraction
 p - 7 potions of heal wounds
 t - 2 potions of degeneration {unknown}
 v - a potion of brilliance {unknown}
 w - 2 potions of flight {unknown}
 z - 7 potions of curing {unknown}
 B - 2 potions of magic {unknown}


   Skills:
 - Level 3.0 Fighting
 * Level 14.7 Axes
 - Level 3.2 Armour
 - Level 3.0 Shields


You had 8 spell levels left.
You didn't know any spells.
Your spell library contained the following spells:

 Spells                   Type           Power      Damage    Failure   Level
 Frozen Ramparts          Ice            0%         1d1       100%        3
 Stone Arrow              Conj/Erth      0%         3d7       100%        3
 Animate Armour           Summ/Erth      0%         N/A       100%        4
 Ice Form                 Ice/Tmut       0%         N/A       100%        4
 Summon Ice Beast         Ice/Summ       0%         N/A       100%        4
 Lehudib's Crystal Spear  Conj/Erth      0%         10d2      100%        8


Dungeon Overview and Level Annotations

Branches:
Dungeon (9/15)             Temple (1/1) D:7
   Lair: D:8-11         Orc: D:9-12

Altars:
Ashenzari
Cheibriados
Gozag
Hepliaklqana
Makhleb
Qazlal
Sif Muna
Trog
Uskayaw
Vehumet
Xom
Zin
The Shining One


Innate Abilities, Weirdness & Mutations

You have a beak for a mouth.
You have claws for feet.
Your magical nature lets you fly swiftly and evasively.


Message History

There are monsters nearby!
The wight hits you from afar with a +4 halberd.
You feel drained.
There are monsters nearby!
The wight hits you with a +4 halberd!
You feel drained.
There are monsters nearby!
Unknown command.
You closely miss the wight. You claw the wight!
The wight is heavily damaged.
There are monsters nearby!
You completely miss the wight. Your kick misses the wight. You peck the wight.
The wight is heavily damaged.
The wight misses you.
Unknown command.
You barely miss the wight. You claw the wight!
You destroy the wight!
A wight is nearby!
You barely miss the wight.
Unknown command.
A wight is nearby!
You hit the wight. You claw the wight, but do no damage.
The wight is moderately damaged.
The wight hits you with a +3 morningstar!
A wight comes into view. It is wielding a +2 flail.
Unknown command.
You are too injured to fight recklessly!
There are monsters nearby!
Unknown command.
You are too injured to fight recklessly!
There are monsters nearby!
You are too injured to fight recklessly!
Unknown command.
There are monsters nearby!
You are too injured to fight recklessly!
There are monsters nearby!
You are too injured to fight recklessly!
Unknown command.
You are too injured to fight recklessly!
Unknown command.
Are you sure you want to abandon this character and quit the game? (Confirm with "yes".)

#.....# #.....#
#.....# +.....#
#.....# #.....#
###'### ##.# #@.#
#.## ####z#######
#..........#
#.....^..z.#
#..............
#............####
#.#..........#
#.#..........#


You could see a wight.

Vanquished Creatures
  Joseph (D:7)
  Grinder (D:6)
  Prince Ribbit (D:8)
  Sigmund (D:5)
  Menkaure (D:4)
  Duvessa (D:6)
  2 sky beasts
  A black bear (D:5)
  A centaur (D:7)
  2 bullfrogs
  2 scorpions
  4 wights
  Dowan (D:6)
  3 killer bees (D:8)
  2 howler monkeys
  A crimson imp (D:3)
  3 jellies
  7 orc priests
  A gnoll bouda (D:7)
  3 hounds
  Natasha (D:3)
  2 sleepcaps
  7 orc wizards
  7 gnolls
  11 adders
  2 ufetubi
  2 worms (D:5)
  2 dart slugs
  27 orcs
  11 ball pythons
  11 endoplasms
  2 giant cockroaches
  3 goblins
  8 hobgoblins
  12 jackals
  4 quokkas
  3 bats
  3 frilled lizards
  2 goblin zombies (D:3)
  3 hobgoblin zombies (D:3)
  14 kobolds
  2 kobold zombies (D:3)
  3 orc skeletons (D:3)
  3 orc zombies (D:3)
  6 rats
190 creatures vanquished.

Notes
Turn   | Place    | Note
-------+----------+-------------------------------------------
     0 | D:1      | Kurtz the Tengu Fighter began the quest for the Orb.
     0 | D:1      | Reached XP level 1. HP: 14/14 MP: 2/2
    81 | D:1      | Reached skill level 3 in Axes
    81 | D:1      | Reached XP level 2. HP: 10/19 MP: 3/3
   530 | D:1      | Reached XP level 3. HP: 21/23 MP: 4/4
   758 | D:1      | Reached skill level 4 in Axes
  1066 | D:2      | Reached XP level 4. HP: 25/28 MP: 5/5
  1479 | D:2      | Reached skill level 5 in Axes
  1583 | D:3      | Gained mutation: Your magical nature lets you fly swiftly
                  | and evasively. [Tengu growth]
  1583 | D:3      | Reached XP level 5. HP: 28/32 MP: 6/6
  1654 | D:4      | Reached skill level 6 in Axes
  1683 | D:4      | Noticed Menkaure
  1917 | D:3      | Reached XP level 6. HP: 36/37 MP: 7/7
  1942 | D:3      | Found a broken altar of Ashenzari.
  2020 | D:3      | Found a glowing golden altar of the Shining One.
  2055 | D:3      | Reached skill level 7 in Axes
  2173 | D:3      | Found a snail-covered altar of Cheibriados.
  2509 | D:3      | Found a hazy altar of Hepliaklqana.
  2595 | D:4      | Killed Menkaure
  2596 | D:4      | Reached skill level 8 in Axes
  2596 | D:4      | Reached XP level 7. HP: 21/41 MP: 8/8
  2920 | D:4      | Noticed Natasha
  3031 | D:3      | Killed Natasha
  3269 | D:4      | Found a radiant altar of Vehumet.
  3370 | D:5      | Entered Level 5 of the Dungeon
  3403 | D:5      | Reached skill level 9 in Axes
  3939 | D:5      | Noticed Sigmund
  3947 | D:5      | Killed Sigmund
  3948 | D:5      | Reached skill level 10 in Axes
  3948 | D:5      | Reached XP level 8. HP: 41/46 MP: 9/9
  4635 | D:6      | Noticed Duvessa
  4651 | D:6      | Killed Duvessa
  4652 | D:6      | Reached skill level 11 in Axes
  4652 | D:6      | Noticed Dowan
  4669 | D:6      | Killed Dowan
  4802 | D:6      | Noticed Grinder
  4813 | D:6      | Killed Grinder
  4881 | D:5      | Reached skill level 12 in Axes
  5298 | D:6      | Reached XP level 9. HP: 44/50 MP: 10/10
  5505 | D:7      | Found a staircase to the Ecumenical Temple.
  5513 | Temple   | Entered the Ecumenical Temple
  6070 | D:7      | Reached skill level 13 in Axes
  6528 | D:7      | Noticed Joseph
  6558 | D:7      | Killed Joseph
  7017 | D:8      | Found a shimmering blue altar of Sif Muna.
  7039 | D:8      | Noticed Prince Ribbit
  7049 | D:8      | Killed Prince Ribbit
  7050 | D:8      | Reached skill level 14 in Axes
  7607 | D:8      | Identified the +3 long sword of Discord {flame, rC+ Will+
                  | Str+4 Int-3}
  7733 | D:8      | Found a bloodstained altar of Trog.
  8079 | D:9      | Quit the game

Illustrated notes

Levels and vault maps discovered:
D:1:      dpeg_arrival_rooms_c, layout_rooms
D:2:      layout_rooms, minmay_misc_feat_cross
D:3:      corexii_shack_village, layout_rooms, nicolae_tso_besieged_by_evil,
          lemuel_crystal_altar, cheibriados_altar_1, lemuel_round_altar
D:4:      layout_rooms, mainiacjoe_overflow_alcove_1, uniq_natasha,
          uniq_menkaure
D:5:      kennysheep_windowed_halls, layout_basic, uniq_sigmund
D:6:      layout_basic, uniq_duvessa, uniq_grinder
D:7:      layout_basic, minmay_temple_entry_mini_moons, patterned_corridor,
          uniq_joseph
D:8:      layout_basic, mainiacjoe_overflow_brackets, trog_three_pillars_becter,
          serial_curves, eino_curves_04, eino_curves_03, eino_curves_02,
          eino_curves_03, bh_walls_and_bars, uniq_prince_ribbit1
D:9:      layout_roguey, okawaru_altar_gauntlet_db
Temple:   nicolae_temple_stand_before_the_council

Skill      XL: |  1  2  3  4  5  6  7  8  9 |
---------------+----------------------------+-----
Axes           | 3 4 5 6 8 10 12 14 | 14.7
Fighting       | |  3.0
Armour         | |  3.2
Shields        | |  3.0

Action                     |  1- 3 |  4- 6 |  7- 9 || total
---------------------------+-------+-------+-------++-------
  Melee: War axe           |    70 |    16 |       ||    86
         Kick              |    12 |    50 |    92 ||   154
         Peck              |    10 |    21 |    54 ||    85
         Whip              |       |   165 |   164 ||   329
         Hand axe          |       |       |   178 ||   178
  Throw: Dart              |       |       |     4 ||     4
         Javelin           |       |       |     1 ||     1
    Use: Potion            |       |     1 |     3 ||     4
 Armour: Scale mail        |    28 |    51 |    73 ||   152
         Skin              |       |    14 |     8 ||    22
         Chain mail        |       |       |    47 ||    47
  Dodge: Dodged            |    26 |    70 |   130 ||   226
  Block: Buckler           |    15 |    32 |    66 ||   113
